 Dungeon Crawl Stone Soup version 0.31.0-32-g396128a36d (webtiles) character file.

Game seed: 5697175022248642537

124575 Luk the Warrior (level 16, -5/159 (165) HPs)
             Began as a Minotaur Berserker on Apr 11, 2024.
             Was the Champion of Trog.
             Slain by a pharaoh ant (7 damage)
             ... on level 4 of the Spider Nest.
             The game lasted 02:22:35 (29479 turns).

Luk the Warrior (Minotaur Berserker)               Turns: 29479, Time: 02:22:35

HP:   -5/159 (165)  AC: 11    Str: 32    XL:     16   Next: 39%
MP:   24/24         EV:  9    Int:  4    God:    Trog [******]
Gold: 1699          SH: 14    Dex: 11    Spells: 15/15 levels left

rFire   . . .        b - +8 broad axe (elec)
rCold   . . .        F - +2 kite shield {AC+3}
rNeg    . . .        C - +1 plate armour {rPois}
rPois   +            Q - +2 hat
rElec   .            (no cloak)
rCorr   .            M - +1 pair of gloves of Kindness {Fly SInv Stlth-}
SInv    +            u - +2 pair of boots
Will    +++..        R - amulet of the acrobat Stlth
                     g - ring of see invisible
HPRegen 1.46/turn    d - ring "Qitheluu" {rPois MP+9 Str+3 Stlth+}
MPRegen 0.19/turn

%: acrobat
@: strong-willed, spiked, corroded, on berserk cooldown, flying, regenerating,
slowed, lightly drained, very slow
A: horns 2, retaliatory headbutt, deformed body
a: Renounce Religion, Berserk, Trog's Hand, Brothers in Arms


You were on level 4 of the Spider Nest.
You worshipped Trog.
Trog was exalted by your worship.
You visited 4 branches of the dungeon, and saw 21 of its levels.
You also visited: Sewer and Gauntlet.

You collected 2244 gold pieces.
You spent 545 gold pieces at shops.

Inventory:

Hand Weapons
 b - a +8 broad axe of electrocution (weapon)
 x - a +4 mace of flaming
 I - a +3 antimagic war axe
 O - a +1 demon trident of flaming
Armour
 n - the +0 ring mail "Xyish" {+Inv rF+ Str+3}
   (You found it on level 3 of the Dungeon)

   Str+3:     It affects your strength (+3).
   rF+:       It protects you from fire.
   +Inv:      It lets you turn invisible.
 u - a +2 pair of boots (worn)
 C - a +1 plate armour of poison resistance (worn)
 F - a +2 kite shield of protection (worn)
 L - a +0 pair of gloves of hurling
 M - the +1 pair of gloves of Kindness (worn) {Fly SInv Stlth-}
   (You found it in a Gauntlet)

   SInv:      It lets you see invisible.
   Fly:       It grants you flight.
   Stlth-:    It makes you less stealthy.
 Q - a +2 hat (worn)
 T - a +0 buckler of reflection
Jewellery
 d - the ring "Qitheluu" (right hand) {rPois MP+9 Str+3 Stlth+}
   (You acquired it on level 2 of the Dungeon)

   [ring of magical power]

   Str+3:     It affects your strength (+3).
   rPois:     It protects you from poison MP+9: It affects your magic capacity
   (+9).
   Stlth+:    It makes you more stealthy.
 g - a ring of see invisible (left hand)
 N - a ring of protection from fire
 R - an amulet of the acrobat (around neck)
Wands
 c - a wand of charming (12)
 f - a wand of light (5)
 h - a wand of polymorph (4)
 p - a wand of digging (14)
 s - a wand of mindburst (7)
 y - a wand of flame (29)
 S - a wand of roots (6)
Scrolls
 e - 3 scrolls of brand weapon
 i - a scroll of fear
 l - 3 scrolls of vulnerability
 B - 2 scrolls of poison
 D - 5 scrolls of teleportation
 H - 4 scrolls of immolation
 J - 3 scrolls of fog
 P - a scroll of summoning
 U - a scroll of enchant weapon
Potions
 a - 5 potions of attraction
 j - 3 potions of berserk rage
 k - 2 potions of lignification (quivered)
 m - 7 potions of mutation
 o - 5 potions of invisibility
 q - 4 potions of enlightenment
 r - 3 potions of ambrosia
 t - a potion of magic
 v - 2 potions of cancellation {unknown}
 z - 2 potions of brilliance
 A - 2 potions of might
 G - 5 potions of curing
Miscellaneous
 w - a lightning rod (4/4)
 E - a phial of floods
 K - a box of beasts


   Skills:
 * Level 20.8 Fighting
 * Level 20.8 Axes
 + Level 14.6 Armour
 - Level 2.1 Dodging
 + Level 14.3 Shields


You had 15 spell levels left.
You didn't know any spells.
Your spell library was empty.

Dungeon Overview and Level Annotations

Branches:
Dungeon (10/15)            Temple (0/1) D:5            Lair (5/5) D:10
 Shoals (0/4) Lair:3       Spider (4/4) Lair:2        Slime (0/5) Lair:5
    Orc (2/2) D:9             Elf (0/3) Orc:2         Sewer (visited)
Gauntlet (visited)

Altars:
Ashenzari
Cheibriados
Dithmenos
Elyvilon
Fedhas
Makhleb
Nemelex Xobeh
Ru
Sif Muna
Trog
Uskayaw
Xom
Yredelemnul
Zin
The Shining One
Jiyva

Shops:
D:5 [   D:8 =   Orc:2 [!(*


Innate Abilities, Weirdness & Mutations

You have a pair of horns on your head.
You reflexively headbutt those who attack you in melee.
Armour fits poorly on your strangely shaped body.


Message History

The torpor snail is moderately wounded.
The torpor snail barely misses you.
You slice the torpor snail!!
You headbutt the torpor snail, but do no damage.
The torpor snail is severely wounded.
You slice the torpor snail!!
Lightning courses through the torpor snail!
You kill the torpor snail!
Trog accepts your kill.
You feel yourself speed up.
The boulder beetle curls into a ball and begins rolling!
You feel a strong urge to attack something.
A pharaoh ant comes into view.
The pharaoh ant gives a chilling moan.
You hit the boulder beetle but do no damage.
You block the boulder beetle's attack.
The boulder beetle stops rolling and uncurls.
You hit the boulder beetle but do no damage.
Lightning courses through the boulder beetle!
You headbutt the boulder beetle.
The boulder beetle is moderately wounded.
You slice the boulder beetle!!
The boulder beetle is severely wounded.
You block the boulder beetle's attack.
You slice the boulder beetle!!
Lightning courses through the boulder beetle!
You kill the boulder beetle!
Trog accepts your kill.
You feel a strong urge to attack something.
You are no longer berserk.
You are exhausted.
You feel yourself slow down.
You feel better. You block the pharaoh ant's attack.
A boulder beetle comes into view.
You hit the pharaoh ant. Your headbutt misses the pharaoh ant.
The pharaoh ant is lightly damaged.
The pharaoh ant bites you!!
* * * LOW HITPOINT WARNING * * *
You feel drained.
You die...

..#.## ..#|.# ...B..
.....# ..... .....# ....
.....# ...# .....#####
##...## .......#.##
##.....# ###....#..##
#††B..####
...........#####@†.....#
†...........#...).......
......##†...##..........
.....##..............#^.
.#...#...........#...# .
##...####.....#.##..^#
#...##....##..### .^.#
#####.....#.....# #..#
##...##.....## ...


You could see a boulder beetle and a pharaoh ant.

Vanquished Creatures
  Mara (Spider:3)
  Saint Roka (Orc:2)
  Gastronok (Lair:3)
  Aizul (Spider:2)
  3 emperor scorpions
  2 ghost moths
  An orc warlord (Orc:2)
  A broodmother (Spider:1)
  The ghost of jazmu the Skirmisher, a journeyman DgHu (Orc:1)
  A spark wasp (Spider:1)
  A minotaur (Gauntlet)
  3 entropy weavers
  2 hydras
  2 hell beasts (Gauntlet)
  A centaur warrior (D:10)
  7 boulder beetles
  5 radroaches
  4 two-headed ogres
  A jorogumo (Spider:4)
  A dancing weapon (Orc:1)
  5 death yaks (Lair:5)
  7 demonic crawlers
  4 orc high priests
  The ghost of Yehuk the Warmonger, a novice GrMo of Okawaru (D:10)
  A skyshark (Lair:5)
  4 pharaoh ants
  2 goliath frogs (Lair:5)
  7 orb spiders
  3 sun moths
  10 steelbarb worms
  2 orc knights
  An arcanist (Gauntlet)
  A deep elf zephyrmancer (Orc:2)
  A deep elf pyromancer (Orc:2)
  15 wolf spiders
  4 orc sorcerers
  7 kobold blastminers
  13 elephants
  3 meliai (Spider:3)
  3 moths of wrath
  2 black mambas
  4 torpor snails
  19 cane toads
  Jeremiah (D:7)
  5 rime drakes
  6 komodo dragons
  Psyche (D:8)
  A polar bear (Lair:2)
  4 trolls
  2 tyrant leeches (Lair:5)
  A raiju (shapeshifter) (D:10)
  7 dream sheep (Lair:5)
  14 tarantellas
  22 blink frogs
  24 jumping spiders
  8 culicivoras
  7 basilisks
  A wraith (D:10)
  2 wyverns
  Grum (D:8)
  31 yaks
  49 redbacks
  2 steam dragons
  5 vampire mosquitoes
  2 acid dragons
  2 hell hounds (Gauntlet)
  18 water moccasins
  A swamp drake (Orc:2)
  36 orc warriors
  2 ice beasts
  A sky beast (D:7)
  4 black bears
  12 ogres
  22 wolves
  5 centaurs
  A phantom (D:5)
  11 kobold brigands
  12 bullfrogs
  3 necrophages (D:5)
  6 scorpions
  7 wights
  2 killer bees (D:10)
  10 jellies
  4 howler monkeys
  2 electric eels (Spider:3)
  A crimson imp (Orc:2)
  3 bullfrog zombies (D:5)
  A human zombie (D:5)
  A gnoll bouda (D:5)
  26 orc priests
  7 hounds
  An iron imp (Orc:2)
  27 orc wizards
  2 iguanas (D:3)
  2 hound zombies (D:5)
  15 gnolls
  11 adders
  9 river rats (D:7)
  4 shadow imps
  3 white imps
  6 dart slugs
  4 ribbon worms
  99 orcs
  10 ball pythons
  8 bats
  8 endoplasms
  A giant cockroach (Sewer)
  13 goblins
  6 hobgoblins
  13 jackals
  2 quokkas (D:2)
  6 frilled lizards
  47 kobolds
  18 rats
870 creatures vanquished.

Vanquished Creatures (others)
  An arcanist (D:5)
  A tarantella (Spider:2)
  An orc (Orc:2)
3 creatures vanquished.

Grand Total: 873 creatures vanquished

Notes
Turn   | Place    | Note
-------+----------+-------------------------------------------
     0 | D:1      | Luk the Minotaur Berserker began the quest for the Orb.
     0 | D:1      | Reached XP level 1. HP: 19/19 MP: 0/0
   253 | D:1      | Reached XP level 2. HP: 15/27 MP: 1/1
   665 | D:1      | Reached XP level 3. HP: 28/33 MP: 2/2
  1132 | D:2      | Reached skill level 1 in Shields
  1138 | D:2      | Reached XP level 4. HP: 20/41 MP: 3/3
  1139 | D:2      | Reached ** piety under Trog
  2102 | D:2      | Reached skill level 5 in Axes
  2286 | D:2      | Identified a scroll of acquirement
  2286 | D:2      | Acquired the ring "Qitheluu" {rPois MP+9 Str+3 Stlth+}
  2468 | D:3      | Reached skill level 5 in Fighting
  2496 | D:3      | Reached XP level 5. HP: 42/48 MP: 4/4
  2644 | D:3      | Identified the +0 ring mail "Xyish" {+Inv rF+ Str+3}
  2665 | D:3      | Found a glowing silver altar of Zin.
  3034 | D:3      | Reached XP level 6. HP: 56/56 MP: 5/5
  3146 | D:3      | Reached *** piety under Trog
  3173 | D:3      | Found a faded altar of an unknown god.
  3176 | D:3      | Found a shimmering blue altar of Sif Muna.
  3569 | D:4      | Found a hide-covered altar of Uskayaw.
  3594 | D:4      | Found a broken altar of Ashenzari.
  3600 | D:4      | Found a burning altar of Makhleb.
  3680 | D:4      | Found a snail-covered altar of Cheibriados.
  4472 | D:5      | Entered Level 5 of the Dungeon
  4739 | D:5      | Found a glowing drain.
  4754 | D:5      | Reached XP level 7. HP: 64/64 MP: 6/6
  4755 | Sewer    | Entered a sewer
  5092 | D:5      | Found Xiveuvem's Armour Boutique.
  5102 | D:5      | Reached **** piety under Trog
  5191 | D:5      | Found a staircase to the Ecumenical Temple.
  5248 | D:5      | Found a bloodstained altar of Trog.
  5250 | D:5      | Noticed a wizard
  5255 | D:5      | Killed a wizard
  5388 | D:5      | Found a glowing golden altar of the Shining One.
  5539 | D:5      | Reached skill level 5 in Armour
  5539 | D:5      | Reached XP level 8. HP: 71/73 MP: 7/7
  5769 | D:5      | Found a basalt altar of Yredelemnul.
  5997 | D:5      | Bought a +2 pair of boots for 214 gold pieces
  6068 | D:6      | Found a white marble altar of Elyvilon.
  6079 | D:6      | Reached skill level 5 in Shields
  6352 | D:6      | Reached XP level 9. HP: 81/83 MP: 8/8
  7182 | D:7      | Noticed Jeremiah
  7203 | D:7      | Reached skill level 10 in Fighting
  7203 | D:7      | Reached skill level 10 in Axes
  7206 | D:7      | Killed Jeremiah
  8014 | D:7      | Reached ***** piety under Trog
  8150 | D:8      | Noticed Psyche
  8159 | D:8      | Killed Psyche
  8160 | D:8      | Reached XP level 10. HP: 90/94 MP: 9/9
  8197 | D:8      | Found a viscous altar of Jiyva.
  8282 | D:8      | Found Qeolapn's Jewellery Shoppe.
  8293 | D:8      | Noticed Grum
  8312 | D:8      | Killed Grum
  9380 | D:9      | Identified the +5 orcbow of Makhleb's Inspiration {freeze,
                  | rN+ Will+}
  9692 | D:9      | Found a sparkling altar of Nemelex Xobeh.
 10214 | D:9      | Found a staircase to the Orcish Mines.
 10232 | Orc:1    | Entered Level 1 of the Orcish Mines
 10256 | Orc:1    | Noticed an orc sorcerer
 10258 | Orc:1    | Noticed a soul eater
 10259 | Orc:1    | Noticed an orange demon
 10265 | Orc:1    | Killed an orc sorcerer
 10362 | Orc:1    | Found a runed translucent door.
 10362 | Orc:1    | Found a shimmering altar of Xom.
 10362 | Orc:1    | Noticed jazmu's ghost (journeyman DgHu)
 10363 | Orc:1    | Noticed a +1 war axe of chaos
 10466 | Orc:1    | Noticed an orc knight
 10478 | Orc:1    | Killed an orc knight
 10739 | Orc:1    | Noticed a two-headed ogre
 11003 | Orc:1    | Reached XP level 11. HP: 84/105 MP: 10/10
 11136 | Orc:1    | Noticed an orc high priest
 11143 | Orc:1    | Noticed a sun demon
 11636 | Orc:1    | Killed a two-headed ogre
 11703 | Orc:1    | Killed an orc high priest
 11801 | Orc:1    | Killed a +1 war axe of chaos
 12088 | Orc:2    | Entered Level 2 of the Orcish Mines
 12089 | Orc:2    | Noticed an orc knight
 12105 | Orc:2    | Killed an orc knight
 12254 | Orc:2    | Noticed Saint Roka
 12459 | Orc:2    | Noticed an orc sorcerer
 12460 | Orc:2    | Noticed an orc sorcerer
 12476 | Orc:2    | Killed Saint Roka
 13013 | D:10     | Entered Level 10 of the Dungeon
 13050 | D:10     | Found a staircase to the Lair.
 13136 | D:10     | Noticed a two-headed ogre
 13146 | D:10     | Killed a two-headed ogre
 13147 | D:10     | Reached XP level 12. HP: 96/104 MP: 11/11
 13261 | D:10     | Found a shadowy altar of Dithmenos.
 13366 | D:10     | Noticed a two-headed ogre
 13368 | D:10     | Killed a two-headed ogre
 13448 | D:10     | Found a transporter.
 13453 | D:10     | Noticed a centaur warrior
 13456 | D:10     | Noticed Yehuk's ghost (novice GrMo)
 13456 | D:10     | Noticed a two-headed ogre
 13484 | D:10     | Found a transporter.
 13567 | D:10     | Reached skill level 10 in Armour
 13650 | D:10     | Found a blossoming altar of Fedhas.
 13650 | D:10     | Found a sacrificial altar of Ru.
 13948 | D:10     | Killed a two-headed ogre
 13955 | D:10     | Killed a centaur warrior
 13969 | D:10     | Killed Yehuk's ghost
 14101 | Lair:1   | Entered Level 1 of the Lair of Beasts
 14158 | Lair:1   | Received a gift from Trog
 14595 | Lair:1   | Reached skill level 15 in Fighting
 14600 | Lair:1   | Reached skill level 10 in Shields
 14604 | Lair:1   | Reached skill level 15 in Axes
 15373 | Lair:2   | Reached XP level 13. HP: 115/128 MP: 12/12
 15751 | Lair:2   | Found a hole to the Spider Nest.
 16316 | Lair:3   | Found a gate leading to a gauntlet.
 16327 | Gauntlet | Entered a Gauntlet
 16327 | Gauntlet | Found a transporter.
 16327 | Gauntlet | Found a transporter.
 16331 | Gauntlet | Found a transporter.
 16331 | Gauntlet | Found a transporter.
 16331 | Gauntlet | Found a transporter.
 16357 | Gauntlet | Found a transporter.
 16357 | Gauntlet | Found a transporter.
 16357 | Gauntlet | Found a transporter.
 16541 | Gauntlet | Noticed a blizzard demon
 16553 | Gauntlet | Found a transporter.
 16811 | Gauntlet | Found a transporter.
 16813 | Gauntlet | Identified the +1 pair of gloves of Kindness {Fly SInv
                  | Stlth-}
 16853 | Gauntlet | Noticed a minotaur
 16869 | Gauntlet | Killed a minotaur
 16924 | Gauntlet | Identified the +1 ring mail of the Stars {+Blink +Inv
                  | rCorr}
 16929 | Gauntlet | Identified the +2 leather armour "Mynairon" {Str+5 Dex-3}
 17250 | Lair:3   | Noticed Gastronok
 17261 | Lair:3   | Killed Gastronok
 17640 | Lair:3   | Found a staircase to the Shoals.
 19036 | Lair:5   | Entered Level 5 of the Lair of Beasts
 19067 | Lair:5   | Reached XP level 14. HP: 134/140 MP: 13/13
 20169 | Orc:1    | Killed jazmu's ghost
 20485 | Orc:2    | Received a gift from Trog
 20936 | Orc:2    | Found Wyceib's Assorted Antiques.
 21148 | Orc:2    | Found Pilet's Distillery.
 21164 | Orc:2    | Bought a potion of heal wounds for 75 gold pieces
 21244 | Orc:2    | Found a staircase to the Elven Halls.
 21425 | Orc:2    | Received a gift from Trog
 21541 | Orc:2    | Noticed an orc warlord
 21553 | Orc:2    | Found Neqyr's Antique Weapon Shoppe.
 21783 | Orc:2    | Killed an orc warlord
 21786 | Orc:2    | Found Ybuogaom's Antique Armour Emporium.
 21814 | Orc:2    | Bought a runed scarf for 256 gold pieces
 22762 | Lair:5   | Found a viscous altar of Jiyva.
 22776 | Lair:5   | Found a staircase to the Slime Pits.
 23100 | Lair:5   | Identified the +2 long sword of Uwkufeck {flame, +Blink
                  | rElec Int+6 Stlth-}
 23287 | Lair:5   | Identified the +3 ring mail "Xaesiu" {Rampage}
 23561 | Lair:5   | Received a gift from Trog
 24296 | Spider:1 | Entered Level 1 of the Spider Nest
 24607 | Spider:1 | Noticed a broodmother
 24621 | Spider:1 | Killed a broodmother
 24723 | Spider:1 | Reached XP level 15. HP: 142/151 MP: 14/14
 25072 | Spider:1 | Noticed an emperor scorpion
 25081 | Spider:1 | Killed an emperor scorpion
 26270 | Spider:2 | Identified the serpent talisman of Agnosticism {rF+ MP+9}
 26270 | Spider:2 | Noticed Aizul
 26285 | Spider:2 | Killed Aizul
 26985 | Spider:2 | Reached ****** piety under Trog
 27406 | Spider:2 | Received a gift from Trog
 28235 | Spider:3 | Gained mutation: Armour fits poorly on your strangely
                  | shaped body. [mutagenic glow]
 28320 | Spider:3 | Noticed an emperor scorpion
 28327 | Spider:3 | Killed an emperor scorpion
 28355 | Spider:3 | Reached XP level 16. HP: 162/163 MP: 15/15
 28426 | Spider:3 | Noticed Mara
 28471 | Spider:3 | Noticed Luk's illusion
 28481 | Spider:3 | Killed Mara
 29052 | Spider:4 | Entered Level 4 of the Spider Nest
 29379 | Spider:4 | Identified the +3 great sword "Dastyla" {spect, rPois
                  | Int+3}
 29464 | Spider:4 | HP: 12/247 [entropy weaver (7)]
 29479 | Spider:4 | HP: 2/165 [pharaoh ant (25)]
 29479 | Spider:4 | Slain by a pharaoh ant

Illustrated notes

Levels and vault maps discovered:
D:1:      scummos_arrival_gate, layout_basic
D:2:      layout_basic, minmay_split_cup_small
D:3:      layout_basic, nicolae_overflow_ecumenical_swirl, lemuel_doored_altar,
          serial_bayou_lake_a
D:4:      layout_basic, mainiacjoe_overflow_large_starburst, marbit_many_paths,
          mainiacjoe_overflow_concentric_impassable, due_unseen_surprise
D:5:      minmay_octagon_keep, layout_rooms, lemuel_mausoleum_altar_yredelemnul,
          trog_wizard, nicolae_tso_carved_into_rock,
          minmay_temple_entry_drinking_statues, cheibrodos_sewer_entry_drain,
          kennysheep_small_square
D:6:      layout_gridville, mainiacjoe_overflow_paths
D:7:      layout_loops_ring, enter_bailey_5, dk_rats_in_the_wall, uniq_jeremiah
D:8:      layout_basic, serial_shops, shop, jiyva_altar_1, uniq_grum,
          uniq_psyche
D:9:      layout_basic, mainiacjoe_overflow_alcove_1, david_orc_4,
          hex_intersection
D:10:     layout_roguey, general_overflow_altar,
          gammafunk_temple_overflow_statue, due_lair_maze_entry_diamond,
          gammafunk_ghost_arena
Lair:1:   layout_hall_layers
Lair:2:   layout_gridlike, nicolae_spider_entry_tight_spaces
Lair:3:   layout_regular_city, minmay_shoals_entry_centaurs, enter_volcano_1,
          gauntlet_entry_generic, uniq_gastronok
Lair:4:   layout_regular_city, grunt_megastairs_5, infiniplex_staircase_pool_2
Lair:5:   minmay_lair_end_frog_pond, layout_big_grid,
          nicolae_slime_entry_field_trip, infiniplex_staircase_pool,
          lemuel_fruit_tree
Spider:1: nicolae_spider_hilbert_zone_4 [nicolae_spider_hilbert_4_sides_2_open,
          nicolae_spider_hilbert_4_sides_1_open,
          nicolae_spider_hilbert_4_sides_1_open,
          nicolae_spider_hilbert_4_sides_1_open,
          nicolae_spider_hilbert_4_sides_1_open,
          nicolae_spider_hilbert_2_sides_1_open,
          nicolae_spider_hilbert_2_sides_1_open,
          nicolae_spider_hilbert_2_sides_1_open,
          nicolae_spider_hilbert_2_sides_1_open,
          nicolae_spider_hilbert_6_sides_1_open,
          nicolae_spider_hilbert_6_sides_1_open,
          nicolae_spider_hilbert_3_sides_1_open,
          nicolae_spider_hilbert_3_sides_1_open]
Spider:2: layout_spider_delve, nicolae_spider_solar_radiation, uniq_aizul
Spider:3: layout_spider_delve, nicolae_spider_wall_of_niches, uniq_mara
Spider:4: hellmonk_spider_rune_bug_friends
Orc:1:    layout_diamond_mine, ebering_ghost_xom, minmay_orc_temple_c
Orc:2:    grunt_orc_community_town_hall, layout_caves,
          grunt_orc_community_big_house_1, grunt_orc_community_big_house_1,
          grunt_orc_community_house_1, grunt_orc_community_house_3,
          grunt_orc_community_house_1, grunt_orc_community_house_1,
          grunt_orc_community_house_3, grunt_orc_community_house_2,
          hangedman_minor_magic, uniq_saint_roka

Skill      XL: |  1  2  3  4  5  6  7  8  9 10 11 12 13 14 15 16 |
---------------+-------------------------------------------------+-----
Fighting       | 4 5 6 7 9 10 12 14 15 17 18 20 | 20.8
Axes           | 4 5 6 7 9 10 12 14 15 17 18 20 | 20.8
Shields        | 1 2 3 4 5 6 7 9 10 11 12 13 14 | 14.3
Armour         | 3 4 5 6 7 8 9 11 12 13 14 | 14.6
Dodging        | |  2.1

Action                     |  1- 3 |  4- 6 |  7- 9 | 10-12 | 13-15 | 16-18 || total
---------------------------+-------+-------+-------+-------+-------+-------++-------
  Melee: Hand axe          |    69 |   156 |   277 |   339 |       |       ||   841
         Headbutt          |    12 |    25 |    45 |   100 |   214 |    25 ||   421
         Broad axe         |       |       |       |   199 |   921 |   117 ||  1237
         Trident           |       |       |       |       |    11 |       ||    11
         Mace              |       |       |       |       |     5 |       ||     5
 Invoke: Berserk           |       |       |     4 |     9 |    13 |     1 ||    27
         Trog's Hand       |       |       |     2 |    11 |     9 |     2 ||    24
  Evoke: Box of beasts     |       |       |       |       |     1 |       ||     1
    Use: Scroll            |       |     9 |     3 |    10 |    16 |     1 ||    39
         Potion            |       |       |       |     3 |    11 |     4 ||    18
   Stab: Sleeping          |       |       |     2 |     2 |       |       ||     4
 Armour: Scale mail        |    34 |    35 |       |       |       |       ||    69
         Leather armour    |     4 |       |       |       |       |       ||     4
         Ring mail         |       |    35 |   144 |   304 |    81 |       ||   564
         Plate armour      |       |       |       |       |   596 |    83 ||   679
  Dodge: Dodged            |    31 |    74 |   108 |   181 |   294 |    31 ||   719
  Block: Buckler           |     5 |    18 |    48 |    97 |    25 |       ||   193
         Kite shield       |       |       |       |       |   492 |    89 ||   581
